 Dungeon Crawl Stone Soup version 0.29-a0-817-g9904bce7a6 (webtiles) character file.

Game seed: 13538631266810038029

486 LynnLen the Covert (level 6, 0/32 HPs)
             Began as a Vampire Enchanter on July 5, 2022.
             Slain by a gnoll sergeant
             ... wielding a +0 trident
              (9 damage)
             ... on level 4 of the Dungeon.
             The game lasted 00:16:42 (4663 turns).

LynnLen the Covert (Vampire Enchanter)              Turns: 4663, Time: 00:16:42

Health: 0/32       AC: 10    Str:  7    XL:     6   Next: 89%
Magic:  1/11       EV: 12    Int: 24    God:
Gold:   216        SH:  0    Dex: 16    Spells: 5/11 levels left

rFire   . . .      SeeInvis +   g - +3 dagger
rCold   + + .      Faith    .   (no shield)
rNeg    + + +      Spirit   .   e - +1 leather armour
rPois   ∞          Reflect  .   (no helmet)
rElec   .          Harm     .   p - +2 cloak
rCorr   .          Rampage  .   u - +2 pair of gloves {infuse}
Will    .....                   (no boots)
Stlth   ++++++....              (no amulet)
HPRegen 0.00/turn               o - +6 ring of intelligence
MPRegen 0.12/turn               (no ring)

@: mighty, bloodless, inhibited regen
A: bloodless, fangs 3, see invisible, vampiric 2
a: Bat Form, Revivify


You were on level 4 of the Dungeon.
You visited 1 branch of the dungeon, and saw 4 of its levels.

You collected 216 gold pieces.

Inventory:

Hand Weapons
 g - a +3 dagger (weapon)
 t - a +1 whip of electrocution
Missiles
 f - 2 boomerangs (quivered)
 r - a throwing net
Armour
 e - a +1 leather armour (worn)
 k - a +2 pair of gloves
 p - a +2 cloak (worn)
 u - a +2 pair of gloves of infusion (worn)
Magical Staves
 d - a staff of conjuration
Jewellery
 o - a +6 ring of intelligence (left hand)
 s - an amulet of faith
Scrolls
 i - a scroll of enchant weapon
 n - a scroll of poison {unknown}
 q - a scroll of teleportation {unknown}
Potions
 c - 2 potions of invisibility
 h - 5 potions of flight
 l - 2 potions of brilliance
 m - 2 potions of heal wounds {unknown}


   Skills:
 + Level 4.0 Short Blades
 + Level 3.5 Dodging
 * Level 8.2 Stealth
 * Level 3.3 Spellcasting
 + Level 5.0 Hexes


You had 5 spell levels left.
You knew the following spells:

 Your Spells              Type           Power      Damage    Failure   Level
a - Confusing Touch       Hex            28%        N/A       6%          3
b - Tukima's Dance        Hex            28%        N/A       6%          3

Your spell library contained the following spells:

 Spells                   Type           Power      Damage    Failure   Level
 Ensorcelled Hibernation  Hex/Ice        32%        N/A       9%          2
 Dazzling Flash           Conj/Hex       32%        N/A       17%         3
 Portal Projectile        Hex/Tloc       32%        N/A       17%         3
 Blink                    Tloc           8%         N/A       24%         2
 Call Canine Familiar     Summ           4%         N/A       43%         3
 Gell's Gravitas          Tloc           4%         N/A       43%         3
 Lesser Beckoning         Tloc           4%         N/A       43%         3
 Teleport Other           Tloc           4%         N/A       43%         3
 Leda's Liquefaction      Hex/Erth       8%         N/A       50%         4
 Manifold Assault         Tloc           4%         N/A       99%         5


Dungeon Overview and Level Annotations

Branches:
Dungeon (4/15)
 Temple: D:4-7

Altars:
Kikubaaqudgha
Trog
Xom


Innate Abilities, Weirdness & Mutations

You do not regenerate when monsters are visible.
You are frail without blood (-20% HP).
You can heal yourself when you bite living creatures.
You are immune to poison.
You have razor-sharp teeth.
You have supernaturally acute eyesight. (SInv)
You are afflicted with vampirism and can become a bat while bloodless.


Message History

Things that are here:
a +0 flail; a gnoll corpse
Casting: Tukima's Dance (dangerous; 6% risk of failure)
Confirm with . or Enter, or press ? or * to list all spells.
Aiming: Tukima's Dance (dangerous; 6% risk of failure)
Press: ? - help, Shift-Dir - straight line, f - gnoll
Aim: a gnoll, wielding a +1 spear of pain (chance to affect: 67%)
The +1 spear of pain dances into the air!
Your +0 halberd falls from the air.
Okay, then.
You hit the gnoll.
The gnoll is moderately wounded.
You closely miss the gnoll.
The gnoll is moderately wounded.
The gnoll closely misses you.
You closely miss the gnoll.
The gnoll is moderately wounded.
The gnoll barely misses you. The gnoll hits you with a +0 club.
You barely miss the gnoll.
The gnoll is moderately wounded.
Your +1 spear of pain hits the gnoll from afar.
The gnoll sergeant hits your +1 spear of pain with a +0 trident!
Your +1 spear of pain falls from the air.
The gnoll closely misses you. The gnoll hits you but does no damage.
You hit the gnoll.
The gnoll is almost dead.
The gnoll closely misses you. The gnoll hits you with a +0 club.
You hit the gnoll.
You kill the gnoll!
The gnoll closely misses you.
You puncture the gnoll!
The gnoll is severely wounded.
The gnoll sergeant barely misses you.
The gnoll sergeant hits you with a +0 trident!
* * * LOW HITPOINT WARNING * * *
The gnoll misses you.
You feel very mighty all of a sudden. The gnoll barely misses you.
The gnoll sergeant hits you with a +0 trident!
You die...

#.###..........####....##
##.# ##...>......#.......#
##.## ##.................##
##.# #....###..#........#
...# ##.#.## #.###.......#
...#####..######.# ##.....##
..........####.)## ##...##
.#####..#......gg# ##...##
## #.......).[@## #.....###
# ##......).g..###.......# #
##.............#....####..#
# ##...###.............## .#
####....# ##.............#
.# .....##.##
#.....###.....###..#
.....##..# #....##
##....#..#
..##.....###....### #.(.).#
..###.............####..##.#


You could see a gnoll sergeant and 2 gnolls.

Vanquished Creatures
  2 ogres (D:4)
  A scorpion (D:4)
  A hound (D:4)
  An iguana (D:4)
  An orc wizard (D:4)
  A gnoll (D:4)
  6 adders
  An ufetubus (D:4)
  2 worms
  5 dart slugs
  6 orcs
  5 ball pythons
  4 endoplasms
  3 giant cockroaches
  7 goblins
  8 hobgoblins
  4 jackals (D:4)
  7 kobolds
  5 quokkas
  7 bats
  3 frilled lizards
  3 rats (D:2)
83 creatures vanquished.

Vanquished Creatures (collateral kills)
  2 gnolls (D:4)
2 creatures vanquished.

Vanquished Creatures (others)
  3 dancing weapons (D:4)
3 creatures vanquished.

Grand Total: 88 creatures vanquished

Notes
Turn   | Place    | Note
-------+----------+-------------------------------------------
     0 | D:1      | LynnLen the Vampire Enchanter began the quest for the Orb.
     0 | D:1      | Reached XP level 1. HP: 13/13 MP: 3/3
   296 | D:1      | Reached XP level 2. HP: 15/19 MP: 5/5
   783 | D:2      | Reached skill level 5 in Stealth
   933 | D:2      | Gained mutation: You are afflicted with vampirism and can
                  | become a bat while bloodless. [Vampire growth]
   933 | D:2      | Reached XP level 3. HP: 19/19 MP: 6/6
   961 | D:2      | Found a faded altar of an unknown god.
  1961 | D:3      | Reached XP level 4. HP: 24/24 MP: 7/7
  2046 | D:3      | Reached skill level 6 in Stealth
  2114 | D:3      | Found an ancient bone altar of Kikubaaqudgha.
  2279 | D:3      | Found a bloodstained altar of Trog.
  2516 | D:3      | Learned a level 3 spell: Confusing Touch
  2520 | D:3      | Learned a level 3 spell: Tukima's Dance
  3197 | D:4      | Noticed an ogre
  3208 | D:4      | Killed an ogre
  3209 | D:4      | Reached skill level 7 in Stealth
  3209 | D:4      | Reached XP level 5. HP: 11/28 MP: 3/9
  3743 | D:4      | Reached XP level 6. HP: 32/32 MP: 2/10
  3848 | D:4      | Found a shimmering altar of Xom.
  4030 | D:4      | Reached skill level 8 in Stealth
  4038 | D:4      | Reached skill level 5 in Hexes
  4663 | D:4      | Slain by a gnoll sergeant

Illustrated notes

Levels and vault maps discovered:
D:1:      dpeg_arrival_houses_and_road, layout_rooms
D:2:      layout_basic, shapermc_ecumenical_altar_notcrosses,
          nicolae_concentric_dashed_squares_mild, grunt_ministairs_15
D:3:      cheibrodos_old_hovel, layout_basic,
          mainiacjoe_overflow_surrounded_room, trog_hazing_becter
D:4:      layout_layer_cave, overflow_temple_1_default

Skill      XL: |  1  2  3  4  5  6 |
---------------+-------------------+-----
Stealth        | 5 7 8 |  8.2
Short Blades   | 2 3 4 |  4.0
Spellcasting   | 3 |  3.3
Dodging        | 3 |  3.5
Hexes          | 5 |  5.0

Action                   |  1- 3 |  4- 6 || total
-------------------------+-------+-------++-------
Melee: Dagger            |   107 |   190 ||   297
       Bite              |     6 |    18 ||    24
       Punch             |     2 |       ||     2
 Cast: Tukima's Dance    |       |     6 ||     6
 Abil: Exsanguinate      |     1 |       ||     1
       Revivify          |       |     1 ||     1
  Use: Scroll            |     9 |     1 ||    10
       Potion            |       |     5 ||     5
 Stab: Sleeping          |    12 |    11 ||    23
Armor: Leather armour    |    53 |    89 ||   142
Dodge: Dodged            |    77 |   172 ||   249

Table legend: (Time is in decaauts)
 A = Elapsed time spent in this place.
 B = Non-inter-level travel time spent in this place.
 C = Inter-level travel time spent in this place.
 D = Time resting spent in this place.
 E = Time spent auto-exploring this place.
 F = Levels seen in this place.
 G = Mean time per level.
                   A        B        C        D        E       F      G
               +--------+--------+--------+--------+--------+-----+--------+
         Total |   4629 |   4629 |      0 |   1105 |   1850 |   4 | 1157.2 |
       Dungeon |   4629 |   4629 |      0 |   1105 |   1850 |   4 | 1157.2 |
               +--------+--------+--------+--------+--------+-----+--------+

Top non-repeatable levels by time:
     D:3: 1510 daAuts
     D:4: 1292 daAuts
     D:2: 1171 daAuts
     D:1: 656 daAuts
